Map: Automaton LE

Players

Neeb - Winner!

  • Race: Protoss Protoss
  • League: Master
  • Spawn Location: 3:00

llllllllllll (sOs)

  • Race: Protoss Protoss
  • League: Master
  • Spawn Location: 9:00

Event: IEM Season 13 - Katowice Server Qualifiers America

VOD

Have the link to the VOD?

Description

Time

  • Played on: Jan. 6, 2019, 5:10 p.m.
  • Length: 7:27

All games in this series

Show
View Real Time Build Order
Export as new Build Order

Neeb Protoss - Winner!

Build Orders: Phoenix Opening, Mass Phoenix 

Get SALT Encoding   

  12  0:00  Probe  
  13  0:12  Probe  
  14  0:17  Pylon  
  14  0:23  Probe  
  15  0:31  Probe  
  16  0:38  Gateway  
  16  0:39  Probe  
  16  0:46  Assimilator  
  17  0:51  Probe  
  17  0:55  Assimilator  
  18  0:59  Probe  
  19  1:08  Probe  
  19  1:09  Gateway  
  20  1:19  Probe  
  21  1:26  Cybernetics Core  
  21  1:31  Probe  
  22  1:38  Pylon  
  22  1:45  Probe  
  23  1:57  Probe  
  24  2:03  Sentry, Stalker  
  24  2:04  Warp Gate  
  28  2:09  Probe  
  29  2:16  Pylon  
  29  2:34  Stargate  
  30  2:37  Phoenix  
  29  2:51  Nexus  
  29  2:52  Probe  
  30  3:04  Probe  
  30  3:05  Stalker  
  33  3:10  Phoenix  
  33  3:16  Probe  
  36  3:28  Probe  
  36  3:30  Pylon  
  37  3:35  Phoenix  
  39  3:46  Probe  
  39  3:47  Stargate  
  39  3:55  Probe  
  40  4:00  Probe  
  40  4:01  Phoenix  
  43  4:03  Probe  
  43  4:09  Probe  
  45  4:10  Assimilator  
  45  4:15  Probe  
  47  4:18  Probe  
  48  4:26  Phoenix  
  48  4:27  Probe  
  51  4:31  Probe  
  51  4:32  Phoenix  
  51  4:33  Pylon  
  52  4:40  Probe  
  52  4:45  Probe  
  56  4:46  Assimilator  
  56  4:53  Probe, Phoenix  
  56  4:57  Probe  
  56  4:59  Phoenix  
  60  5:05  Probe  
  63  5:09  Probe, Pylon  
  63  5:10  Phoenix  
  64  5:17  Probe  
  64  5:20  Phoenix  
  64  5:21  Probe  
  68  5:25  Pylon  
  70  5:33  Phoenix  
  72  5:42  Stalker x2  
  76  5:46  Pylon  
  76  5:49  Phoenix  
  78  5:59  Phoenix  
  78  6:01  Pylon  
  80  6:05  Zealot x2  
  80  6:06  Phoenix  
  84  6:11  Pylon  
  86  6:24  Phoenix  
  87  6:29  Phoenix  
  87  6:30  Stalker  
  87  6:31  Stalker  
  91  6:34  Pylon  
  93  6:49  Phoenix  
  95  6:55  Zealot x2  
Show
View Real Time Build Order
Export as new Build Order

llllllllllll Protoss 

Build Orders: Oracle Opening, Phoenix Opening, Mass Phoenix 

Get SALT Encoding   

  12  0:00  Probe  
  13  0:13  Probe  
  14  0:18  Pylon  
  14  0:24  Probe  
  15  0:32  Probe  
  15  0:38  Gateway  
  15  0:40  Probe  
  16  0:46  Assimilator  
  17  0:50  Probe  
  17  0:55  Assimilator  
  18  0:58  Probe  
  19  1:07  Probe  
  20  1:14  Gateway  
  20  1:17  Probe  
  21  1:25  Cybernetics Core  
  21  1:29  Probe  
  22  1:35  Pylon  
  22  1:41  Probe  
  23  1:54  Probe  
  24  2:02  Sentry, Stalker  
  24  2:03  Warp Gate  
  28  2:12  Pylon  
  28  2:25  Oracle  
  28  2:27  Pylon  
  28  2:32  Probe  
  28  2:33  Stargate  
  29  2:44  Probe  
  30  2:54  Nexus  
  30  2:58  Probe  
  31  3:12  Probe  
  32  3:14  Pylon  
  32  3:16  Phoenix  
  34  3:21  Probe  
  35  3:29  Probe  
  35  3:30  Stargate  
  36  3:38  Probe  
  36  3:44  Phoenix  
  39  3:51  Probe  
  39  3:55  Shield Battery  
  40  4:02  Probe  
  40  4:03  Probe  
  42  4:11  Probe x2  
  42  4:14  Phoenix  
  46  4:18  Phoenix  
  46  4:21  Probe, Phoenix  
  46  4:22  Probe  
  50  4:27  Assimilator  
  50  4:30  Assimilator  
  50  4:31  Probe  
  50  4:34  Probe  
  52  4:39  Probe, Pylon  
  53  4:46  Probe  
  53  4:48  Phoenix  
  53  4:51  Phoenix  
  53  4:52  Probe  
  58  4:58  Probe  
  60  5:04  Probe  
  61  5:20  Phoenix x2  
  65  5:23  Nexus  
  65  5:31  Fleet Beacon  
  65  5:40  Probe  
  67  5:43  Pylon  
  67  5:46  Phoenix x2  
  70  5:52  Pylon  
  70  6:01  Probe  
  70  6:02  Probe  
  70  6:03  Phoenix x2, Pylon  
  72  6:13  Assimilator  
  72  6:18  Probe x2, Assimilator  
  78  6:29  Phoenix  
  78  6:30  Probe x2  
  82  6:37  Probe  
  82  6:39  Phoenix  
  85  6:42  Shield Battery  
  85  6:44  Shield Battery  
  85  6:48  Zealot  
  85  6:49  Zealot  
  71  7:18  Zealot x2  

Tags
 
Add a new tag
Caveats
  • Supply blocks, unpowered buildings, or Contaminate may cause inaccurate times.
  • Supply counts are checked every 10 seconds.